cohdb
Replays
Latest Replays
All Replays
Popular Replays
Top Player Replays
Match Explorer
How It Works
Community
CoH3 Stats
Reddit
Sign in to upload your games and track your stats! →
Sign in with Steam
Match 46547114
Unlisted
Match 46547114
Overview
Messages
Build Orders
End
Scout Squad
Construct Weapon Support Center
Engineer Squad
Selects Heavy Weapons
M1919 Machine Gun Team
Construct Barracks
M1919 Machine Gun Team
Selects M2HB .50cal Heavy Machine Gun
Construct Medical Station
Infantry Support Center
Grenade Package
Selects Assault Carriers
Improved M9 Bazooka Rockets
Mortar Pit
Bazooka Squad
M1918 Browning Automatic Rifles
Selects Exchangeable Parts
M3 Assault Carrier
M1 Mortar Team
Bazooka Squad
Bazooka Squad
Selects Rapid Reposition
Munitions Surplus
M3 Assault Carrier
M3 Assault Carrier
tom.profan
wishmaster
Sad Pepe
gio_misro
0
0
Comments
sign in to comment!
No comments posted yet!